 Dungeon Crawl Stone Soup version 0.24.0-13-gcf9b319 (webtiles) character file.

Game seed: 9066308210112559914, levelgen mode: deterministic

128 suicidejoker the Caller (level 5, -15/35 HPs)
             Began as a Barachi Summoner on Feb 5, 2020.
             Killed from afar by Ijyb (25 damage)
             ... with a bolt of acid
             ... on level 3 of the Dungeon on Mar 27, 2020.
             The game lasted 00:14:18 (2893 turns).

suicidejoker the Caller (Barachi Summoner)          Turns: 2893, Time: 00:14:18

Health: -15/35     AC:  4    Str:  9    XL:     5   Next: 11%
Magic:  0/10       EV: 12    Int: 17    God:
Gold:   97         SH:  0    Dex: 12    Spells: 7/11 levels left

rFire    . . .     SeeInvis +   (no weapon)
rCold    . . .     Gourm    .   (no shield)
rNeg     . . .     Faith    .   a - +0 robe
rPois    .         Spirit   .   (no helmet)
rElec    .         Reflect  .   l - +0 cloak
rCorr    .         Harm     .   (no gloves)
MR       .....                  g - +0 pair of boots
Stlth    ++........             (no amulet)
HPRegen  0.11/turn              b - ring of see invisible
MPRegen  0.12/turn              (no ring)

@: slow
A: +LOS, swims, slowness 1, strong legs 1
a: Hop


You were on level 3 of the Dungeon.
You were hungry.

You visited 1 branch of the dungeon, and saw 3 of its levels.

You collected 97 gold pieces.

Inventory:

Missiles
 m - 23 sling bullets
 n - 8 silver javelins
 q - 3 poisoned darts (quivered)
Armour
 a - a +0 robe (worn)
 g - a +0 pair of boots (worn)
 l - a +0 cloak (worn)
Jewellery
 b - a ring of see invisible (left hand)
Wands
 k - a wand of flame (25)
Scrolls
 d - 2 scrolls of teleportation
 f - a scroll of identify
 h - a scroll of amnesia {unknown}
 i - a scroll of remove curse
 j - a scroll of enchant weapon {unknown}
 o - a scroll of immolation {unknown}
Potions
 e - a potion of resistance
 p - a potion of degeneration {unknown}
Comestibles
 c - 6 rations


   Skills:
 + Level 2.2 Dodging
 + Level 2.0 Stealth
 + Level 3.5 Spellcasting
 + Level 6.5 Summonings


You had 7 spell levels left.
You knew the following spells:

 Your Spells              Type           Power        Failure   Level  Hunger
a - Summon Small Mammal   Summ           ####         1%          1    None
b - Call Canine Familiar  Summ           ####....     3%          3    ###....

Your spell library contained the following spells:

 Spells                   Type           Power        Failure   Level  Hunger
 Call Imp                 Summ           ####....     1%          2    ##.....
 Summon Guardian Golem    Hex/Summ       ##......     13%         3    ###....
 Summon Ice Beast         Ice/Summ       ##......     41%         4    ####...
 Summon Lightning Spire   Summ/Air       ##......     41%         4    ####...


Dungeon Overview and Level Annotations

Branches:
Dungeon (3/15)

Altars:
Ashenzari
Cheibriados
Nemelex Xobeh
Vehumet

Annotations:
D:3 Ijyb


Innate Abilities, Weirdness & Mutations

Shadows flee at your approach. (+LOS)
You can swim through water.
You cover ground slowly.
You can hop short distances.


Message History

The poisoned dart barely misses the worker ant.
Okay, then.
Casting: Call Canine Familiar (safe; 3% risk of failure)
Confirm with . or Enter, or press ? or * to list all spells.
You swap places.
Ijyb zaps a wand.
The bolt of acid hits your hound!
Your hound is splashed with acid.
The bolt of acid hits you!
You are splashed with acid!
* * * LOW HITPOINT WARNING * * *
It was a potion of cancellation.
You feel magically purged.
Your hound bites Ijyb. x2; Ijyb zaps a wand.
The bolt of acid hits your hound!!
Your hound is splashed with acid.
Your hound dies!
Your hound's corpse disappears in a puff of smoke!
The bolt of acid misses you.
Casting: Call Canine Familiar (safe; 3% risk of failure)
Confirm with . or Enter, or press ? or * to list all spells.
You are feeling hungry.
Ijyb zaps a wand.
The bolt of acid hits you!!
Ouch! That really hurt!
You die...

#### ##########...# #.#.... #..
..........÷.# #...... #.#####
#########.#.####.#.### #.#...
#.....†...#.# # #†#.#
#.#.#.#####.# # .[..# .........
..### ....# ###....#.## #....
.)..####################..###.#
#
.[..#÷.........h@..ga.(..(....#
#
...##.###################'###'#
# ...'..# ... # ...#### .....
...####### ....... .........#
.......# .........# ........
.........# ........ ........<#
..a.....


You could see Ijyb, a worker ant and a friendly hound.

Vanquished Creatures
  Crazy Yiuf (D:2)
  Terence (D:3)
  A giant cockroach (D:3)
3 creatures vanquished.

Vanquished Creatures (collateral kills)
  A centaur skeleton (D:3)
  5 adders
  A worm (D:2)
  4 dart slugs
  3 leopard geckos
  An orc (D:3)
  7 bats
  2 giant cockroaches
  8 goblins
  9 hobgoblins
  4 jackals (D:1)
  7 kobolds
  5 frilled lizards
  9 rats
66 creatures vanquished.

Grand Total: 69 creatures vanquished

Notes
Turn   | Place    | Note
-------+----------+-------------------------------------------
     0 | D:1      | suicidejoker the Barachi Summoner began the quest for the
                  | Orb.
     0 | D:1      | Reached XP level 1. HP: 13/13 MP: 3/3
    63 | D:1      | Reached skill level 5 in Summonings
   123 | D:1      | Reached XP level 2. HP: 19/19 MP: 3/5
   577 | D:1      | Reached XP level 3. HP: 24/24 MP: 1/6
  1062 | D:2      | Found a shattered altar of Ashenzari.
  1063 | D:2      | Found a snail-covered altar of Cheibriados.
  1385 | D:2      | Found a radiant altar of Vehumet.
  1385 | D:2      | Found a sparkling altar of Nemelex Xobeh.
  1743 | D:2      | Learned a level 3 spell: Call Canine Familiar
  2041 | D:2      | Found a runed translucent door.
  2042 | D:2      | Noticed Crazy Yiuf
  2061 | D:2      | Killed Crazy Yiuf
  2061 | D:2      | Reached XP level 4. HP: 30/30 MP: 1/9
  2334 | D:3      | Reached skill level 6 in Summonings
  2442 | D:3      | Noticed Terence
  2464 | D:3      | Killed Terence
  2624 | D:3      | Reached XP level 5. HP: 35/35 MP: 7/10
  2874 | D:3      | Noticed Ijyb
  2893 | D:3      | Killed from afar by Ijyb

Levels and vault maps discovered:
D:1:      lightli_iron_boxes, layout_loops_ring, chequers_serial_rivers_micro_a
D:2:      layout_loops_ring, chequers_temple_overflow_statue_of_worship,
          first_ration, minivault_11, minmay_pentomino_v4,
          uniq_crazy_yiuf_cottage
D:3:      layout_basic, uniq_terence, uniq_ijyb

Skill      XL: |  1  2  3  4 |
---------------+-------------+-----
Summonings     | 5 6 |  6.5
Spellcasting   | 3 |  3.5
Stealth        | 2 |  2.0
Dodging        | |  2.2

Action                   |  1- 3 |  4- 6 || total
-------------------------+-------+-------++-------
Melee: Unarmed           |     7 |    29 ||    36
Throw: Javelin           |       |     4 ||     4
       Dart              |       |     3 ||     3
 Cast: Summon Small Mamm |    93 |     1 ||    94
       Call Canine Famil |     5 |    14 ||    19
 Abil: Hop               |     1 |       ||     1
  Use: Scroll            |     6 |       ||     6
       Potion            |     3 |     1 ||     4
  Eat: Chunk             |     2 |     4 ||     6
       Ration            |     1 |       ||     1
Armor: Robe              |    10 |    17 ||    27
Dodge: Dodged            |    39 |    40 ||    79
